 Dungeon Crawl Stone Soup version 0.27.1-2-g3b301248ec (webtiles) character file.

Game seed: 13098184309951255520

32 MisterFreud the Covered (level 3, 0/25 HPs)
             Began as a Gnoll Wanderer on Sept 22, 2021.
             Slain by a scorpion (3 damage)
             ... on level 2 of the Dungeon.
             The game lasted 00:01:17 (1218 turns).

MisterFreud the Covered (Gnoll Wanderer)            Turns: 1218, Time: 00:01:18

Health: 0/25       AC:  5    Str: 14    XL:     3   Next: 27%
Magic:  4/4        EV: 12    Int:  9    God:
Gold:   29         SH:  0    Dex: 11    Spells: 3/3 levels left

rFire    . . .     SeeInvis .   a - +0 mace
rCold    . . .     Faith    .   (no shield)
rNeg     . . .     Spirit   .   c - +2 leather armour
rPois    .         Reflect  .   (no helmet)
rElec    .         Harm     .   (no cloak)
rCorr    .         Rampage  .   (no gloves)
Will     .....                  (no boots)
Stlth    ++........             (no amulet)
HPRegen  0.08/turn              (no ring)
MPRegen  0.09/turn              (no ring)

@: no status effects
A: fangs 1, strong nose, distributed training
a: no special abilities


You were on level 2 of the Dungeon.
You visited 1 branch of the dungeon, and saw 2 of its levels.

You collected 29 gold pieces.

Inventory:

Hand Weapons
 a - a +0 mace (weapon)
 d - a +0 dagger
Armour
 c - a +2 leather armour (worn)
Scrolls
 e - a scroll of teleportation {unknown}
 g - a scroll of identify {unknown}
Potions
 b - a potion of lignification


   Skills:
 + Level 0.7 Fighting
 + Level 0.7 Short Blades
 + Level 0.7 Long Blades
 + Level 0.7 Axes
 + Level 4.5 Maces & Flails
 + Level 0.7 Polearms
 + Level 0.7 Staves
 + Level 0.7 Slings
 + Level 0.7 Bows
 + Level 0.7 Crossbows
 + Level 2.6 Throwing
 + Level 6.5 Armour
 + Level 2.6 Dodging
 + Level 4.1 Stealth
 + Level 0.7 Shields
 + Level 0.7 Unarmed Combat
 + Level 0.7 Spellcasting
 + Level 0.5 Conjurations
 + Level 0.5 Hexes
 + Level 0.5 Summonings
 + Level 0.5 Necromancy
 + Level 0.5 Translocations
 + Level 0.5 Transmutations
 + Level 0.5 Fire Magic
 + Level 0.5 Ice Magic
 + Level 0.5 Air Magic
 + Level 0.5 Earth Magic
 + Level 0.5 Poison Magic
 + Level 0.9 Invocations
 + Level 2.6 Evocations


You had 3 spell levels left.
You didn't know any spells.
Your spell library contained the following spells:

 Spells                   Type           Power      Damage    Failure   Level
 Corona                   Hex            1%         N/A       36%         1
 Ensorcelled Hibernation  Hex/Ice        2%         N/A       50%         2
 Tukima's Dance           Hex            1%         N/A       75%         3


Dungeon Overview and Level Annotations

Branches:
Dungeon (2/15)

Altars:


Innate Abilities, Weirdness & Mutations

You have very sharp teeth.
Your uncanny sense of smell can sniff out nearby items.
Your experience applies equally to all skills.


Message History

You hit the scorpion but do no damage.
You feel very sick. The scorpion closely misses you.
The kobold hits you but does no damage. The scorpion misses you.
The kobold barely misses you.
You closely miss the scorpion.
You feel sick. The scorpion closely misses you.
The kobold hits you but does no damage.
There are monsters nearby!
You hit the scorpion.
The scorpion is moderately wounded.
You feel sick. The scorpion barely misses you. The kobold barely misses you.
You feel sick. The scorpion barely misses you.
You feel sick.
You feel sick.
A goblin comes into view. It is wielding a +0 club.
You aren't carrying any items that you can evoke.
Unknown command.
The goblin shouts!
You hit the scorpion.
The scorpion is moderately wounded.
You feel sick. The scorpion closely misses you. x2
You hit the scorpion.
The scorpion is moderately wounded.
You feel sick.
You are no longer poisoned.
The scorpion stings you.
* * * LOW HITPOINT WARNING * * *
You sock the scorpion!
You bite the scorpion, but do no damage.
The scorpion is severely wounded.
The scorpion misses you. The goblin misses you.
You hit the scorpion.
The scorpion is almost dead.
The scorpion stings you.
* * * LOW HITPOINT WARNING * * *
The scorpion stings you but does no damage.
The goblin misses you.
You barely miss the scorpion. Your bite misses the scorpion.
The scorpion is almost dead.
The scorpion stings you.
You die...

.♣.. .... ##... ###
...# .. #..#######
##.#
..####......... ...
............... ..
#.####.#########.#
........Ks@g.÷.#..#
###.###.######.#<.#
#.#......#.##..#
#.#.##.........#
.........#.......#
#.#.........#.♣.♣#
#.#########.#.♣ ♣
#. .. ♣ .##


You could see a scorpion, a goblin and a kobold.

Vanquished Creatures
  An adder (D:2)
  A ball python (D:1)
  6 endoplasms
  3 giant cockroaches
  4 jackals (D:1)
  2 kobolds (D:1)
  A bat (D:1)
  2 rats (D:1)
20 creatures vanquished.

Vanquished Creatures (others)
  A plant (D:2)
1 creature vanquished.

Grand Total: 21 creatures vanquished

Notes
Turn   | Place    | Note
-------+----------+-------------------------------------------
     0 | D:1      | MisterFreud the Gnoll Wanderer began the quest for the Orb.
     0 | D:1      | MisterFreud set off with the following items: a +0 mace, a
                  | potion of lignification, a +2 leather armour, a +0 dagger
     0 | D:1      | Reached XP level 1. HP: 13/13 MP: 1/1
   163 | D:1      | Reached XP level 2. HP: 6/19 MP: 2/2
   981 | D:2      | Reached XP level 3. HP: 13/25 MP: 3/3
  1206 | D:2      | Noticed a scorpion
  1218 | D:2      | Slain by a scorpion

Illustrated notes

Levels and vault maps discovered:
D:1:      minmay_arrival_nine_rooms, layout_loops_ring
D:2:      layout_basic, serial_forest, infiniplex_forest_straight_3,
          infiniplex_forest_clump_diagonal, infiniplex_forest_end_2,
          infiniplex_forest_end_3, infiniplex_forest_straight_3,
          serial_park_tiny_1, uniq_sigmund, uniq_robin

Action                   || total
-------------------------++-------
Melee: Mace              ||    79
       Bite              ||     4
  Use: Potion            ||     1
 Stab: Sleeping          ||     7
Armor: Leather armour    ||    32
Dodge: Dodged            ||    56
